cohdb
Replays
Latest Replays
All Replays
Popular Replays
Top Player Replays
Match Explorer
How It Works
Community
CoH3 Stats
Reddit
Sign in to upload your games and track your stats! →
Sign in with Steam
Match 45275349
Unlisted
Match 45275349
Overview
Messages
Build Orders
End
Kettenkrad Recon Vehicle
Construct Infanterie Kompanie
Selects Terror Battlegroup
Selects Machine Gun Camouflage
MG 42 Machine Gun Team
Grenadier Squad
Grenadier Squad
Construct Panzergrenadier Kompanie
Selects Interrogate
Medical Station
Support Elements
Nebelwerfer 42 Rocket Launcher Team
Panzergrenadier Squad
Construct Luftwaffe Kompanie
mr_ako
Ermac[Pointrunner]
jesseavoy
brainfart
0
0
Comments
sign in to comment!
No comments posted yet!